cohdb
Replays
Latest Replays
All Replays
Popular Replays
Top Player Replays
Match Explorer
How It Works
Community
CoH3 Stats
Reddit
Sign in to upload your games and track your stats! →
Sign in with Steam
Match 40177628
Unlisted
Match 40177628
Overview
Messages
Build Orders
End
Panzergrenadier Squad
Selects Panzerjäger Kommand Battlegroup
Selects Mine Fields
250 Light Carrier
Panzergrenadier Squad
Panzergrenadier Squad
Construct Light Support Kompanie
MG34 Team
Selects Tank Busters
Fire Support Elements
Panzerjäger Mechanized Group
Construct Panzerarmee Kommand
Veteran Squad Leaders
2.5-tonne Medical Truck
Walking Stuka Rocket Launcher
Selects Defensive Positions
Selects Butterfly Bomb Drop
Butterfly Bomb Drop
Pak 38 Mechanized Group
Armored Reserves
Selects Crew Shock Tactics
Tiger Heavy Tank
Selects Anti-tank Overwatch
Anti-tank Overwatch
Construct Mechanized Kompanie
18-tonne Recovery Half-track
Anti-tank Overwatch
Spitzenverdiener
Spartan-034-Silvio
JumpyWizard
Particycles
rousong
北极丁真
0
0
Comments
sign in to comment!
No comments posted yet!